 Dungeon Crawl Stone Soup version 0.25.1-2-g60ff931df9 (webtiles) character file.

Game seed: 13857518587079157305

101245 Peloso the Peltast (level 15, -6/139 HPs)
             Began as a Minotaur Fighter on July 30, 2020.
             Was the Champion of Okawaru.
             Mangled by an orc knight
             ... wielding a +2 vorpal battleaxe
              (44 damage)
             ... while paralysed by an orc sorcerer
             ... on level 2 of the Orcish Mines.
             The game lasted 01:21:52 (34569 turns).

Peloso the Peltast (Minotaur Fighter)              Turns: 34569, Time: 01:21:52

Health: -6/139     AC: 23    Str: 29    XL:     15   Next: 82%
Magic:  16/16      EV:  2    Int:  5    God:    Okawaru [******]
Gold:   2559       SH:  0    Dex: 11    Spells: 14/14 levels left

rFire    + . .     SeeInvis .   a - +3 double sword (vorpal)
rCold    + . .     Gourm    .   c - +1 kite shield
rNeg     . . .     Faith    +   H - +4 swamp dragon scales
rPois    +         Spirit   .   Y - +2 hat of Kucriol {rPois}
rElec    .         Reflect  .   F - scarf {rC+ rF+}
rCorr    +         Harm     .   J - +2 pair of gloves {Str+3}
MR       +....                  R - +2 pair of boots {Fly}
Stlth    +.........             m - amulet of faith
HPRegen  0.33/turn              Z - ring of resist corrosion
MPRegen  0.15/turn              (no ring)

@: paralysed, flying, lightly drained
A: retaliatory headbutt, horns 2
a: Heroism, Finesse, Renounce Religion, Stop Flying


You were on level 2 of the Orcish Mines.
You worshipped Okawaru.
Okawaru was exalted by your worship.
You were very hungry.

You visited 4 branches of the dungeon, and saw 24 of its levels.
You also visited: Ice Cave and Volcano.

You collected 2559 gold pieces.

Inventory:

Hand Weapons
 a - a +3 vorpal double sword (weapon)
 b - the +3 long sword "Qahianaz" {vorpal, Str+3 Int+5 Dex+9 Stlth-}
   (You found it on level 6 of the Lair of Beasts)

   It inflicts extra damage upon your enemies.
   It affects your strength (+3).
   It affects your intelligence (+5).
   It affects your dexterity (+9).
   It makes you less stealthy.
 d - a +4 scimitar of flaming
 j - a +1 demon blade of freezing
Armour
 c - a +1 kite shield (worn)
 F - a scarf of resistance (worn)
 H - +4 swamp dragon scales (worn)
 J - a +2 pair of gloves of strength (worn)
 Q - the +1 pair of boots of Uclomor {Str+3 SInv}
   (Okawaru gifted it to you on level 13 of the Dungeon)

   It affects your strength (+3).
   It lets you see invisible.
 R - a +2 pair of boots of flying (worn)
 Y - the +2 hat of Kucriol (worn) {rPois}
   (Okawaru gifted it to you on level 6 of the Lair of Beasts)

   It protects you from poison.
Jewellery
 m - an amulet of faith (around neck)
 C - an uncursed ring of protection from fire
 V - an uncursed ring of protection from cold
 Z - a ring of resist corrosion (left hand)
Scrolls
 e - 15 scrolls of teleportation
 i - 8 scrolls of remove curse
 l - 2 scrolls of blinking
 p - 4 scrolls of magic mapping
 s - 4 scrolls of fear
 E - a scroll of acquirement
 N - a scroll of noise
 S - 12 scrolls of identify
Potions
 g - a potion of ambrosia {unknown}
 t - a potion of heal wounds
 v - 7 potions of curing
 z - a potion of invisibility
 G - 2 potions of resistance
 O - 4 potions of might
 W - a potion of stabbing
 X - a potion of haste
Comestibles
 f - 23 rations


   Skills:
 + Level 14.7(14.1) Fighting
 + Level 17.4(16.8) Long Blades
 + Level 12.1(11.6) Armour
 + Level 9.3(8.8) Dodging
 + Level 2.6(2.2) Stealth
 + Level 17.9(17.3) Shields
 + Level 2.9(2.5) Invocations
 + Level 3.1(2.7) Evocations


You had 14 spell levels left.
You didn't know any spells.
Your spell library contained the following spells:

 Spells                   Type           Power        Failure   Level  Hunger
 Beastly Appendage        Tmut           #.....       56%         1    ##.....
 Corona                   Hex            #......      56%         1    ##.....
 Pain                     Necr           #...         56%         1    ##.....
 Shock                    Conj/Air       #...         56%         1    ##.....
 Sting                    Tmut/Pois      #...         56%         1    ##.....
 Summon Butterflies       Summ           #.......     56%         1    ##.....
 Summon Small Mammal      Summ           #...         56%         1    ##.....
 Call Imp                 Summ           #.......     71%         2    ###....
 Poisonous Vapours        Pois/Air       #.....       71%         2    ###....
 Slow                     Hex            #.......     71%         2    ###....
 Sticks to Snakes         Tmut           #.......     71%         2    ###....
 Swiftness                Chrm/Air       #.......     71%         2    ###....
 Call Canine Familiar     Summ           #.......     91%         3    ####...
 Conjure Flame            Conj/Fire      #.......     91%         3    ####...
 Ignite Poison            Fire/Tmut/Pois #.......     91%         3    ####...
 Inner Flame              Hex/Fire       #.......     91%         3    ####...
 Mephitic Cloud           Conj/Pois/Air  #.......     91%         3    ####...
 Portal Projectile        Hex/Tloc       #.....       91%         3    ####...
 Spider Form              Tmut/Pois      #.........   91%         3    ####...
 Static Discharge         Conj/Air       #.......     91%         3    ####...
 Summon Guardian Golem    Hex/Summ       #.......     91%         3    ####...
 Airstrike                Air            #.........   100%        4    #####..
 Cause Fear               Hex            #.........   100%        4    #####..
 Dispel Undead            Necr           #.......     100%        4    #####..
 Ice Form                 Ice/Tmut       #.......     100%        4    #####..
 Leda's Liquefaction      Hex/Erth       #.........   100%        4    #####..
 Olgreb's Toxic Radiance  Pois           #.......     100%        4    #####..
 Summon Ice Beast         Ice/Summ       #.......     100%        4    #####..
 Summon Lightning Spire   Summ/Air       #.......     100%        4    #####..
 Blade Hands              Tmut           #.........   100%        5    ######.
 Lightning Bolt           Conj/Air       #.........   100%        5    ######.
 Metabolic Englaciation   Hex/Ice        #.........   100%        5    ######.
 Summon Mana Viper        Hex/Summ       #.......     100%        5    ######.
 Freezing Cloud           Conj/Ice/Air   #.........   100%        6    #######
 Ozocubu's Refrigeration  Ice            #.........   100%        6    #######
 Simulacrum               Ice/Necr       #.........   100%        6    #######
 Ring of Flames           Chrm/Fire      #.........   100%        7    #######
 Summon Hydra             Summ           #.........   100%        7    #######


Dungeon Overview and Level Annotations

Branches:
Dungeon (15/15)            Temple (1/1) D:7            Lair (6/6) D:8
 Shoals (0/4) Lair:4        Snake (0/4) Lair:3        Slime (0/5) Lair:6
    Orc (2/2) D:12            Elf (0/3) Orc:2        Vaults (0/5) D:13
 Depths (0/5) D:15          IceCv (visited)         Volcano (visited)

Altars:
Ashenzari
Cheibriados
Dithmenos
Elyvilon
Fedhas
Gozag
Hepliaklqana
Kikubaaqudgha
Makhleb
Nemelex Xobeh
Okawaru
Qazlal
Ru
Sif Muna
Trog
Uskayaw
Wu Jian
Xom
Yredelemnul
Zin
The Shining One
Beogh
Jiyva

Shops:
D:7 (   Orc:2 %

Annotations:
Lair:1 3 runed translucent doors, Mesosil's ghost, journeyman OpFE
Orc:2 Saint Roka


Innate Abilities, Weirdness & Mutations

You reflexively headbutt those who attack you in melee.
You have a pair of horns on your head.


Message History

Beogh smites you!
Unknown command.
You block the orc's attack. The orc sorcerer casts a spell at you.
You suddenly lose the ability to move!
Saint Roka roars a battlecry!
The orc sorcerer goes into a battle-frenzy!
The orc warrior hits you from afar with a +0 halberd.
The orc knight hits you but does no damage.
You hear a shout!
The orc warrior hits you from afar with a +0 halberd!
The orc shouts!
The orc knight hits you with a +2 vorpal battleaxe!!
* * * LOW HITPOINT WARNING * * *
x2 The orc completely misses you.
The orc warrior hits you but does no damage.
The orc warrior no longer looks unusually strong.
The orc hits you but does no damage. x2
The orc knight hits you with a +2 vorpal battleaxe!!!
You die...

.##.....# #..................
....#..)# #...#..............
........# #.................#
........## ##.o................
...#...).#####...................
..#......................)..#....
.##...#.................[)...#.#.
.....#...........).....[.........
................@o.......#.......
...............ooo...............
...#....<.....).ooo..............
...............oo............##..
.................................
.#...............................
.................................
............................#.#..
.................................


You could see Saint Roka (strong), 2 orc knights, an orc sorcerer (strong), an
orc warrior, an orc priest (strong) and 4 orcs.

Vanquished Creatures
  Gastronok (D:8)
  A stone giant (Volcano)
  2 entropy weavers (D:13)
  An ice dragon (Lair:3)
  8 vault guards (D:13)
  Harold (D:7)
  A rakshasa (D:14)
  4 hydras
  2 centaur warriors (D:14)
  A merfolk avatar (Lair:6)
  A death knight (D:14)
  A queen ant (D:13)
  A tengu warrior (D:15)
  8 death yaks
  3 two-headed ogres
  Sonja (Lair:6)
  6 skeletal warriors
  A fire crab (Lair:6)
  An unseen horror (shapeshifter) (D:15)
  A sea snake (Lair:6)
  An unseen horror (D:11)
  3 wizards (D:15)
  A wolf spider zombie (D:15)
  A harpy (Lair:6)
  Pikel (D:9)
  2 necromancers
  3 ugly things
  A wolf spider (D:15)
  A phantasmal warrior (D:14)
  2 oklob plants (Lair:5)
  4 elephants
  A cyclops (D:15)
  4 orc sorcerers
  4 manticores
  Maurice (D:12)
  6 ice statues
  2 molten gargoyles (Volcano)
  3 black mambas
  5 centaur skeletons
  A naga mage (D:15)
  2 gargoyles (D:11)
  Psyche (D:8)
  A kobold demonologist (D:15)
  14 spiny frogs
  3 rime drakes (Lair:6)
  7 komodo dragons
  3 yaktaurs (D:14)
  7 ice devils (IceCv)
  2 efreet
  A tengu conjurer (D:15)
  3 meliai (D:15)
  9 polar bears
  4 merfolk
  2 trolls (Orc:2)
  4 hornets
  12 hippogriffs
  7 slime creatures (D:14)
  5 large abominations (D:15)
  Prince Ribbit (D:8)
  A meliai zombie (D:15)
  16 blink frogs
  3 shadows
  3 wraiths
  51 yaks
  2 vampires
  2 fire bats (Volcano)
  5 wyverns
  2 fire elementals (Volcano)
  3 vampire mosquitoes (D:15)
  4 basilisks
  A human (D:9)
  A hungry ghost (D:11)
  17 soldier ants
  2 nagas (Lair:3)
  An acid dragon (D:13)
  12 water moccasins
  8 porcupines
  A black bear (D:9)
  25 orc warriors
  A sky beast (D:5)
  A hornet zombie (D:13)
  9 ice beasts
  15 ogres
  A phantom (D:5)
  A slave (D:9)
  A necrophage (D:10)
  6 centaurs
  An eye of draining (D:11)
  The ghost of TangoThomas the Firebug, an amateur DsFE of Qazlal (D:3)
  17 crocodiles
  2 big kobolds
  Blork the orc (D:4)
  7 small abominations (D:15)
  13 bullfrogs
  2 wyvern zombies
  A gnoll sergeant (D:8)
  2 earth elementals (Volcano)
  3 scorpions
  A wyvern skeleton (D:13)
  3 killer bees (D:8)
  12 wights
  6 howler monkeys
  A bullfrog zombie (D:5)
  4 centaur zombies
  10 crimson imps
  4 lava snakes (Volcano)
  4 draconian simulacra (IceCv)
  6 hounds
  6 jellies
  19 orc priests
  23 orc wizards
  3 bullfrog skeletons
  2 gnoll shamans
  5 iguanas
  2 spriggan simulacra (IceCv)
  23 worker ants
  6 hell rats (Lair:1)
  2 troll simulacra (IceCv)
  2 centaur simulacra
  A howler monkey zombie (D:6)
  A worker ant zombie (D:6)
  16 gnolls
  11 adders
  6 river rats (Lair:1)
  An ogre simulacrum (IceCv)
  3 shadow imps
  3 white imps (Lair:3)
  3 adder zombies
  An ooze (D:3)
  2 adder skeletons
  4 worms
  4 leopard geckos
  82 orcs
  2 ball pythons
  4 giant cockroaches
  6 hobgoblins
  8 jackals
  15 kobolds
  4 quokkas
  5 bats
  6 frilled lizards
  A giant cockroach zombie (D:5)
  6 goblins
  A jackal zombie (D:6)
  7 rats
773 creatures vanquished.

Vanquished Creatures (others)
  4 bushes (D:8)
  19 fungi
  27 plants
50 creatures vanquished.

Grand Total: 823 creatures vanquished

Notes
Turn   | Place    | Note
-------+----------+-------------------------------------------
     0 | D:1      | Peloso the Minotaur Fighter began the quest for the Orb.
     0 | D:1      | Reached XP level 1. HP: 19/19 MP: 0/0
   275 | D:1      | Reached XP level 2. HP: 26/27 MP: 1/1
   896 | D:2      | Reached XP level 3. HP: 22/33 MP: 2/2
  1773 | D:3      | Found a runed translucent gate.
  1773 | D:3      | Found a runed translucent gate.
  1773 | D:3      | Found a runed translucent gate.
  1773 | D:3      | Noticed TangoThomas's ghost (amateur DsFE)
  1822 | D:3      | Reached XP level 4. HP: 6/40 MP: 3/3
  2379 | D:3      | Reached XP level 5. HP: 47/47 MP: 4/4
  3329 | D:4      | Reached skill level 5 in Long Blades
  3336 | D:4      | Reached skill level 5 in Shields
  3495 | D:4      | Reached XP level 6. HP: 44/53 MP: 5/5
  3629 | D:4      | Noticed Blork the orc
  3699 | D:4      | Killed Blork the orc
  4168 | D:4      | Reached skill level 5 in Armour
  4623 | D:5      | Entered Level 5 of the Dungeon
  4635 | D:5      | Reached XP level 7. HP: 42/60 MP: 6/6
  5293 | D:5      | Reached XP level 8. HP: 36/67 MP: 7/7
  5681 | D:6      | Reached skill level 5 in Fighting
  5681 | D:6      | Reached skill level 1 in Dodging
  5965 | D:6      | Found a shimmering altar of Xom.
  5999 | D:6      | Found a hazy altar of Hepliaklqana.
  6000 | D:6      | Noticed a spectral ugly thing
  6238 | D:7      | Found Joawuh's Antique Weapon Shoppe.
  6285 | D:7      | Noticed Harold
  6303 | D:7      | Killed Harold
  6303 | D:7      | Reached XP level 9. HP: 34/75 MP: 8/8
  6827 | D:7      | Found a staircase to the Ecumenical Temple.
  7129 | Temple   | Entered the Ecumenical Temple
  7225 | Temple   | Became a worshipper of Warmaster Okawaru
  7588 | D:8      | Noticed Prince Ribbit
  7598 | D:8      | Killed Prince Ribbit
  7734 | D:8      | Noticed a two-headed ogre
  7744 | D:8      | Killed a two-headed ogre
  7744 | D:8      | Reached skill level 10 in Long Blades
  7935 | D:8      | Reached skill level 1 in Evocations
  8010 | D:8      | Noticed a two-headed ogre
  8017 | D:8      | Killed a two-headed ogre
  8017 | D:8      | Reached skill level 1 in Stealth
  8017 | D:8      | Reached XP level 10. HP: 74/86 MP: 9/9
  8047 | D:8      | Reached * piety under Okawaru
  8101 | D:8      | Reached skill level 10 in Shields
  8240 | D:8      | Found a staircase to the Lair.
  8305 | D:8      | Reached ** piety under Okawaru
  8418 | D:8      | Noticed Psyche
  8423 | D:8      | Killed Psyche
  8695 | D:8      | Noticed Gastronok
  8710 | D:8      | Killed Gastronok
  8710 | D:8      | Reached *** piety under Okawaru
  8710 | D:8      | Reached XP level 11. HP: 76/95 MP: 8/11
  9284 | D:9      | Got an encrusted flail
  9285 | D:9      | Identified the cursed +1 flail "Apsioter" {vorpal, Str+6
                  | Dex-3} (You found it on level 9 of the Dungeon)
  9288 | D:9      | Found a burning altar of Makhleb.
  9299 | D:9      | Found a glowing golden altar of the Shining One.
  9303 | D:9      | Found a hide-covered altar of Uskayaw.
  9317 | D:9      | Noticed Pikel
  9342 | D:9      | Killed Pikel
  9384 | D:9      | Reached **** piety under Okawaru
  9517 | D:9      | Found a white marble altar of Elyvilon.
  9926 | D:10     | Entered Level 10 of the Dungeon
 10757 | D:11     | Noticed a green ugly thing
 10772 | D:11     | Killed a green ugly thing
 10782 | D:11     | Noticed a two-headed ogre
 10793 | D:11     | HP: 3/95 [two-headed ogre/+0 giant club (8)]
 10795 | D:11     | Killed a two-headed ogre
 10795 | D:11     | Reached ***** piety under Okawaru
 10795 | D:11     | Reached skill level 10 in Armour
 11030 | D:11     | Found a frozen archway.
 11061 | IceCv    | Entered an ice cave
 12473 | IceCv    | Reached skill level 1 in Invocations
 13958 | IceCv    | Noticed a necromancer
 13974 | IceCv    | Killed a necromancer
 13995 | IceCv    | Got an encrusted buckler
 14001 | IceCv    | Identified the +1 buckler of Talaipn {*Drain rPois rN+}
                  | (You found it in an ice cave)
 14003 | IceCv    | Got a faintly glowing quarterstaff
 14009 | IceCv    | Identified the +7 quarterstaff "Mopyag" {venom, *Rage rF+
                  | Dex+3} (You found it in an ice cave)
 14257 | D:11     | Noticed a four-headed hydra
 14296 | D:10     | Killed a four-headed hydra
 14296 | D:10     | Reached XP level 12. HP: 53/106 MP: 13/13
 14514 | D:11     | Reached skill level 10 in Fighting
 14716 | D:11     | Noticed a five-headed hydra
 15112 | D:3      | Killed TangoThomas's ghost
 15409 | Lair:1   | Entered Level 1 of the Lair of Beasts
 15704 | Lair:1   | Received a gift from Okawaru
 16537 | Lair:1   | Found a runed translucent gate.
 16537 | Lair:1   | Found a runed translucent gate.
 16543 | Lair:1   | Found a runed translucent gate.
 16544 | Lair:1   | Noticed Mesosil's ghost (journeyman OpFE)
 16799 | Lair:1   | Found a viscous altar of Jiyva.
 16857 | Lair:2   | Noticed an eight-headed hydra
 17784 | D:12     | Noticed Maurice
 17795 | D:12     | Killed Maurice
 18148 | D:12     | Found a staircase to the Orcish Mines.
 18460 | D:12     | Received a gift from Okawaru
 18710 | D:13     | Found a gate to the Vaults.
 18710 | D:13     | Noticed a vault guard
 18710 | D:13     | Noticed a vault guard
 18710 | D:13     | Noticed a vault guard
 18710 | D:13     | Noticed a vault guard
 18710 | D:13     | Noticed a vault guard
 18710 | D:13     | Noticed a vault guard
 18710 | D:13     | Noticed a vault guard
 18710 | D:13     | Noticed a vault guard
 18855 | D:12     | Reached XP level 13. HP: 96/116 MP: 14/14
 18981 | D:13     | Identified a scroll of acquirement
 19042 | Orc:1    | Entered Level 1 of the Orcish Mines
 19081 | Orc:1    | Found a dark tunnel.
 19091 | Volcano  | Entered a volcano
 19507 | Volcano  | Found a bloodstained altar of Trog.
 19594 | Volcano  | Noticed a stone giant
 19607 | Volcano  | Killed a stone giant
 20981 | Lair:2   | Reached skill level 5 in Dodging
 21659 | Lair:2   | Reached skill level 15 in Long Blades
 21687 | Lair:3   | Found a staircase to the Snake Pit.
 21906 | Lair:3   | Reached ****** piety under Okawaru
 21925 | Lair:3   | Received a gift from Okawaru
 23086 | Lair:4   | Found a staircase to the Shoals.
 24691 | Lair:5   | Reached skill level 15 in Shields
 25311 | Lair:5   | Reached XP level 14. HP: 115/127 MP: 15/15
 25338 | Lair:5   | Received a gift from Okawaru
 26199 | Lair:6   | Entered Level 6 of the Lair of Beasts
 26559 | Lair:6   | Received a gift from Okawaru
 26571 | Lair:6   | Got a smoking hat {god gift}
 26582 | Lair:6   | Identified the +2 hat of Kucriol {rPois} (Okawaru gifted it
                  | to you on level 6 of the Lair of Beasts)
 26624 | Lair:6   | Noticed Sonja
 26644 | Lair:6   | Killed Sonja
 27803 | Lair:6   | Got a warped long sword
 27804 | Lair:6   | Identified the cursed +3 long sword "Qahianaz" {vorpal,
                  | Str+3 Int+5 Dex+9 Stlth-} (You found it on level 6 of the
                  | Lair of Beasts)
 27949 | Lair:6   | Found a staircase to the Slime Pits.
 28903 | D:11     | Received a gift from Okawaru
 29732 | D:13     | Reached XP level 15. HP: 112/136 MP: 16/16
 29888 | D:13     | Received a gift from Okawaru
 30250 | D:13     | Got a pair of heavily runed boots {god gift}
 30262 | D:13     | Identified the +1 pair of boots of Uclomor {Str+3 SInv}
                  | (Okawaru gifted it to you on level 13 of the Dungeon)
 31269 | D:14     | Received a gift from Okawaru
 31610 | D:15     | Entered Level 15 of the Dungeon
 31659 | D:15     | Identified Sif Muna's Catalogue of Poison and Darkness
 31765 | D:15     | Paralysed by a wizard for 4 turns
 32581 | D:15     | HP: 6/139 [meliai/divine providence (16)]
 33032 | D:15     | Found a staircase to the Depths.
 33036 | D:15     | Received a gift from Okawaru
 33270 | Orc:2    | Entered Level 2 of the Orcish Mines
 33478 | Orc:2    | Found a roughly hewn altar of Beogh.
 33598 | Orc:2    | Found a roughly hewn altar of Beogh.
 33706 | Orc:2    | Paralysed by an orc sorcerer for 2 turns
 34048 | Orc:2    | Found a staircase to the Elven Halls.
 34086 | Orc:2    | Found Heiva's Food Boutique.
 34147 | Orc:2    | Noticed Saint Roka
 34566 | Orc:2    | Paralysed by an orc sorcerer for 5 turns
 34569 | Orc:2    | Mangled by an orc knight

Illustrated notes

Levels and vault maps discovered:
D:1:      dpeg_arrival_simpleton_b, layout_loops_ring
D:2:      layout_basic, first_ration, kennysheep_generic_room_13
D:3:      layout_loops_corners, gammafunk_ghost_necromancy
D:4:      layout_layer_cave, uniq_blork_the_orc
D:5:      layout_rooms
D:6:      layout_rooms, regret_index_temple_of_mockery
D:7:      layout_basic, temple_pool_b, serial_shops, shop, minivault_11,
          uniq_harold
D:8:      layout_basic, minmay_lair_entry_grove, uniq_gastronok,
          uniq_prince_ribbit1, uniq_psyche
D:9:      layout_basic, elyvilon_altar_1, minmay_overflow_temple_star_quad,
          st_stairs_11, grunt_pizzeria, uniq_pikel
D:10:     layout_basic
D:11:     layout_basic, portal_ice_cave_entry_pillars_1, minmay_the_grid_2x2
          [minmay_the_grid_outer_circle, minmay_the_grid_stretched_grid,
          minmay_the_grid_paths, minmay_the_grid_prize_four_corners_diamond_b]
D:12:     layout_gridville, erik_orc_3, kennysheep_decorative_pillar,
          uniq_maurice
D:13:     layout_rooms, erik_vaults_2, zaba_antful_of_joy
D:14:     layout_basic, chequers_serial_rivers_micro_b
D:15:     grunt_enter_depths_magical_seal, layout_long_grid, minivault_4,
          chequers_garden, laboratory
Temple:   eino_temple_scatter_basement
Lair:1:   layout_regular_city, gammafunk_ghost_ooze, kennysheep_abandoned_house
Lair:2:   layout_hall_layers
Lair:3:   layout_regular_city, guppyfry_snake_entry_island, ice2_lemuel
Lair:4:   layout_misc_corridors, elwin_shoals_entry_stream
Lair:5:   layout_cave_pods, beast_lair_carwin_6, minmay_lair_oklob_chamber
Lair:6:   gammafunk_lair_ancient_temple, layout_regular_city,
          dpeg_slime_entry_corner, nicolae_lair_grove_arrangements, uniq_sonja
Orc:1:    layout_diamond_mine, nicolae_volcano_entry_hallway
Orc:2:    grunt_orc_community_town_hall, layout_caves,
          grunt_orc_community_big_house_1, grunt_orc_community_big_house_1,
          grunt_orc_community_house_3, grunt_orc_community_house_2,
          grunt_orc_community_house_3, grunt_orc_community_house_3,
          grunt_orc_community_house_1, nooodl_orcs_dogs

Skill      XL: |  1  2  3  4  5  6  7  8  9 10 11 12 13 14 15 |
---------------+----------------------------------------------+-----
Shields        | 4 5 6 8 9 10 12 13 15 16 17 | 17.9
Fighting       | 4 6 7 8 9 11 12 13 14 | 14.7
Armour         | 4 5 6 7 8 9 10 11 12 | 12.1
Long Blades    | 3 4 5 6 7 9 10 12 13 14 15 16 17 | 17.4
Dodging        | 1 2 4 6 8 9 |  9.3
Evocations     | 1 2 3 |  3.1
Stealth        | 1 2 |  2.6
Invocations    | 1 2 |  2.9

Action                   |  1- 3 |  4- 6 |  7- 9 | 10-12 | 13-15 || total
-------------------------+-------+-------+-------+-------+-------++-------
Melee: Long sword        |    88 |   153 |   238 |   992 |   210 ||  1681
       Headbutt          |    10 |    29 |    53 |   281 |   400 ||   773
       Scimitar          |       |       |       |       |   617 ||   617
       Double sword      |       |       |       |       |   584 ||   584
Invok: Heroism           |       |       |       |    25 |    14 ||    39
       Finesse           |       |       |       |     1 |       ||     1
Evoke: Wand              |       |       |     8 |    36 |     3 ||    47
  Use: Scroll            |     3 |       |     3 |    17 |     9 ||    32
       Potion            |       |       |     1 |     6 |     3 ||    10
 Stab: Sleeping          |       |       |       |       |     1 ||     1
  Eat: Chunk             |     3 |     9 |     4 |    21 |    31 ||    68
       Ration            |       |       |     2 |     5 |     5 ||    12
Armor: Plate armour      |    57 |   146 |   110 |   164 |       ||   477
       Swamp dragon scal |       |       |       |    95 |   461 ||   556
Dodge: Dodged            |     6 |    45 |    56 |   219 |   486 ||   812
Block: Kite shield       |    50 |   110 |   131 |   503 |   958 ||  1752
       Rpst.: Long sword |     2 |    11 |    16 |    58 |    13 ||   100
       Scimitar          |       |       |       |       |    54 ||    54
       Double sword      |       |       |       |       |    47 ||    47
